[Event "Hungarian Rapid-ch 2022"]
[Site "Ajka"]
[Date "2022.07.16"]
[Round "7.17"]
[White "Mihok-Juhasz, Barbara"]
[Black "Emodi, Barnabas"]
[Result "1/2-1/2"]
[ECO "B52"]
[WhiteElo "2221"]
[BlackElo "2341"]
[Annotator "ChessBase"]
[PlyCount "138"]
[EventDate "2022.07.15"]
[EventType "swiss"]
[EventCountry "HUN"]
[SourceTitle "playchess.com"]
[Source "ChessBase"]
[SourceQuality "1"]
[TimeControl "900+10"]

1. e4 c5 2. Nf3 d6 3. Bb5+ Bd7 4. Bxd7+ Qxd7 5. c4 Nc6 6. d4 cxd4 7. Nxd4 Nf6 8. Nc3 g6 9. b3 Bg7 10. Bb2 Qg4 11. Qxg4 Nxg4 12. Nxc6 bxc6 13. h3 Ne5 14. O-O-O Nd7 15. Na4 Bxb2+ 16. Kxb2 Nb6 17. Nc3 O-O 18. Rhe1 f6 19. f4 Rad8 20. f5 Nd7 21. Ne2 Rb8 22. Nd4 Rfc8 23. Nf3 Rb7 24. Kc3 a5 25. g4 Rcb8 26. Nd4 Rb6 27. h4 a4 28. Rb1 axb3 29. axb3 Nc5 30. g5 Kf7 31. Kc2 e5 32. fxe6+ Nxe6 33. Nxe6 Kxe6 34. gxf6 Kxf6 35. Rf1+ Ke5 36. Rf7 R8b7 37. Rf8 Ra6 38. h5 Re7 39. Kc3 Raa7 40. hxg6 hxg6 41. Rg1 Rf7 42. Re8+ Kf6 43. Rg8 Rg7 44. Rc8 Rac7 45. Rf8+ Rcf7 46. Rc8 Rc7 47. Rf8+ Rcf7 48. Rc8 Rc7 49. Rd8 Rcd7 50. Rxd7 Rxd7 51. b4 Rb7 52. Rd1 Ke5 53. Rg1 Rg7 54. Rg4 g5 55. b5 Rc7 56. Rxg5+ Kxe4 57. Kb4 cxb5 58. cxb5 d5 59. Rg4+ Kd3 60. b6 Rc1 61. Kb5 d4 62. b7 Rb1+ 63. Kc6 Kc3 64. Rg1 Rxb7 65. Kxb7 d3 66. Kc6 d2 67. Kd5 Kc2 68. Ke4 d1=Q 69. Rxd1 Kxd1 1/2-1/2

[Event "Hungarian Rapid-ch 2022"]
[Site "Ajka"]
[Date "2022.07.16"]
[Round "7.18"]
[White "Kiss, Pal"]
[Black "Gelle, Istvan"]
[Result "1/2-1/2"]
[ECO "D10"]
[WhiteElo "2243"]
[BlackElo "2218"]
[Annotator "ChessBase"]
[PlyCount "44"]
[EventDate "2022.07.15"]
[EventType "swiss"]
[EventCountry "HUN"]
[SourceTitle "playchess.com"]
[Source "ChessBase"]
[SourceQuality "1"]
[TimeControl "900+10"]

1. d4 d5 2. c4 c6 3. Nc3 Nf6 4. e3 a6 5. Nf3 b5 6. b3 Bg4 7. Be2 e6 8. O-O Bd6 9. h3 Bh5 10. Bb2 O-O 11. Ne5 Bxe2 12. Nxe2 Nfd7 13. cxd5 cxd5 14. Nf4 Nxe5 15. dxe5 Be7 16. Rc1 Qd7 17. Qg4 Kh8 18. Rfd1 Qb7 19. Nh5 Rg8 20. Qf3 Rf8 21. Qg4 Rg8 22. Qf3 Rf8 1/2-1/2

[Event "Hungarian Rapid-ch 2022"]
[Site "Ajka"]
[Date "2022.07.16"]
[Round "7.19"]
[White "Papp, Bence"]
[Black "Kovacs, Klara"]
[Result "1-0"]
[ECO "A45"]
[WhiteElo "2244"]
[BlackElo "2098"]
[Annotator "ChessBase"]
[PlyCount "69"]
[EventDate "2022.07.15"]
[EventType "swiss"]
[EventCountry "HUN"]
[SourceTitle "playchess.com"]
[Source "ChessBase"]
[SourceQuality "1"]
[TimeControl "900+10"]

1. d4 Nf6 2. Bf4 e6 3. Nf3 c5 4. e3 b6 5. Nc3 Bb7 6. Nb5 Nd5 7. Nd6+ Bxd6 8. Bxd6 cxd4 9. Qxd4 f6 10. Qg4 Kf7 11. Bd3 Nc6 12. O-O-O Rc8 13. Kb1 a5 14. a3 Na7 15. e4 Ne7 16. e5 f5 17. Ng5+ Kg8 18. Qh5 Ng6 19. Rhg1 Qe8 20. g4 f4 21. Nh3 Bf3 22. Rde1 Nc6 23. Ng5 Bd5 24. c4 Ncxe5 25. Bxe5 Bxc4 26. Bxc4 Rxc4 27. Rc1 b5 28. Rxc4 bxc4 29. Nh3 Qa8 30. Bc3 Qe4+ 31. Ka1 d5 32. Re1 Qd3 33. Nxf4 Qc2 34. Nxe6 Qxf2 35. Qxd5 1-0

[Event "Hungarian Rapid-ch 2022"]
[Site "Ajka"]
[Date "2022.07.16"]
[Round "7.20"]
[White "Kolimar, Kristof Pal"]
[Black "Nemeth, Zoltan"]
[Result "1-0"]
[ECO "A41"]
[WhiteElo "2160"]
[BlackElo "2242"]
[Annotator "ChessBase"]
[PlyCount "92"]
[EventDate "2022.07.15"]
[EventType "swiss"]
[EventCountry "HUN"]
[SourceTitle "playchess.com"]
[Source "ChessBase"]
[SourceQuality "1"]
[TimeControl "900+10"]

1. Nf3 d6 2. d4 Bg4 3. c4 e5 4. Nc3 Bxf3 5. exf3 exd4 6. Qxd4 Nc6 7. Qd2 Nf6 8. Be2 Be7 9. O-O O-O 10. b3 Nd7 11. Nd5 Bf6 12. Nxf6+ Nxf6 13. Bb2 Re8 14. Rfe1 Re6 15. Bd3 Qf8 16. Bf5 Rxe1+ 17. Rxe1 Re8 18. Re3 Rxe3 19. fxe3 Qe7 20. Kf2 h6 21. g3 Ne5 22. Kg2 b6 23. Bc2 a5 24. h3 Nc6 25. g4 Ne5 26. Qd4 Ned7 27. h4 Qe5 28. Qxe5 Nxe5 29. Kg3 Ned7 30. g5 hxg5 31. hxg5 Nh5+ 32. Kg4 g6 33. f4 Ng7 34. a3 Kf8 35. b4 axb4 36. axb4 c5 37. Ba4 Nb8 38. bxc5 bxc5 39. Bb5 Ne6 40. Bf6 Nc7 41. Bd8 Nxb5 42. cxb5 c4 43. Kf3 d5 44. Bc7 Nd7 45. b6 c3 46. Ke2 c2 1-0

[Event "Hungarian Rapid-ch 2022"]
[Site "Ajka"]
[Date "2022.07.16"]
[Round "7.21"]
[White "Horvath, Kristof"]
[Black "Laszlo, Janos"]
[Result "1-0"]
[ECO "C40"]
[WhiteElo "2053"]
[BlackElo "2214"]
[Annotator "ChessBase"]
[PlyCount "73"]
[EventDate "2022.07.15"]
[EventType "swiss"]
[EventCountry "HUN"]
[SourceTitle "playchess.com"]
[Source "ChessBase"]
[SourceQuality "1"]
[TimeControl "900+10"]

1. e4 e5 2. Nf3 d5 3. exd5 Bd6 4. Nc3 Nf6 5. Be2 O-O 6. d3 h6 7. O-O c6 8. dxc6 Nxc6 9. Ne4 Bc7 10. Be3 Nd5 11. Bc5 Re8 12. c4 Nf4 13. h3 Bf5 14. Be3 Ne6 15. Nc3 Qd7 16. Nd5 Rad8 17. Bxh6 Ne7 18. Nxc7 Qxc7 19. Be3 e4 20. Ne1 exd3 21. Nxd3 Rxd3 22. Bxd3 Rd8 23. Qa4 Bxd3 24. Rfd1 b6 25. Rd2 Bxc4 26. Rxd8+ Nxd8 27. Qe8+ Kh7 28. Rc1 b5 29. b3 Nf5 30. bxc4 Nxe3 31. Qxe3 bxc4 32. Qe4+ g6 33. Rxc4 Qb6 34. Qh4+ Kg7 35. Qd4+ Qxd4 36. Rxd4 Ne6 37. Ra4 1-0

[Event "Hungarian Rapid-ch 2022"]
[Site "Ajka"]
[Date "2022.07.16"]
[Round "7.22"]
[White "Kelemen, David"]
[Black "Kokeny, Gabor"]
[Result "1-0"]
[ECO "B01"]
[WhiteElo "2136"]
[BlackElo "2204"]
[Annotator "ChessBase"]
[PlyCount "73"]
[EventDate "2022.07.15"]
[EventType "swiss"]
[EventCountry "HUN"]
[SourceTitle "playchess.com"]
[Source "ChessBase"]
[SourceQuality "1"]
[TimeControl "900+10"]

1. e4 d5 2. exd5 Qxd5 3. Nc3 Qa5 4. d4 Nf6 5. Bc4 Bf5 6. Nf3 c6 7. Bd2 e6 8. Nd5 Qd8 9. Nxf6+ gxf6 10. Bb3 Bg6 11. Qe2 Nd7 12. Nh4 f5 13. g3 Be7 14. Ng2 Nf6 15. Nf4 Qxd4 16. O-O-O Qe4 17. Qf1 O-O-O 18. Re1 Qd4 19. Be3 Qb4 20. Bxa7 Ne4 21. c3 Qa5 22. Be3 b5 23. f3 Nxc3 24. Qf2 Na4 25. Bd4 Rxd4 26. Qxd4 Rd8 27. Qe3 Nxb2 28. Kxb2 Bf6+ 29. Kb1 Kb7 30. Rd1 Qa3 31. Qe2 Ra8 32. Rd3 Qb4 33. Qd2 Qc5 34. Rd7+ Kb6 35. Re1 Bc3 36. Qe3 Bxe1 37. Rb7+ 1-0

[Event "Hungarian Rapid-ch 2022"]
[Site "Ajka"]
[Date "2022.07.16"]
[Round "7.23"]
[White "Lazarne Vajda, Szidonia"]
[Black "Mozes, Ervin"]
[Result "1/2-1/2"]
[ECO "A04"]
[WhiteElo "2313"]
[BlackElo "2039"]
[Annotator "ChessBase"]
[PlyCount "34"]
[EventDate "2022.07.15"]
[EventType "swiss"]
[EventCountry "HUN"]
[SourceTitle "playchess.com"]
[Source "ChessBase"]
[SourceQuality "1"]
[TimeControl "900+10"]

1. Nf3 c6 2. g3 Nf6 3. Bg2 d6 4. d4 h6 5. O-O Bf5 6. c4 Nbd7 7. Nc3 e6 8. Re1 d5 9. Nd2 Be7 10. e4 dxe4 11. Ndxe4 O-O 12. Nxf6+ Nxf6 13. d5 cxd5 14. cxd5 exd5 15. Nxd5 Nxd5 16. Qxd5 Qxd5 17. Bxd5 Rad8 1/2-1/2

[Event "Hungarian Rapid-ch 2022"]
[Site "Ajka"]
[Date "2022.07.16"]
[Round "7.24"]
[White "Kantor, Gergely"]
[Black "Farkas, Lajos Dr."]
[Result "1-0"]
[ECO "A01"]
[WhiteElo "2582"]
[BlackElo "2058"]
[Annotator "ChessBase"]
[PlyCount "71"]
[EventDate "2022.07.15"]
[EventType "swiss"]
[EventCountry "HUN"]
[SourceTitle "playchess.com"]
[Source "ChessBase"]
[SourceQuality "1"]
[TimeControl "900+10"]

1. b3 c6 2. Bb2 d5 3. e3 Nf6 4. f4 Bg4 5. Nf3 e6 6. h3 Bxf3 7. Qxf3 Ne4 8. g3 Be7 9. Rg1 Rg8 10. Bd3 Bf6 11. Nc3 Nxc3 12. dxc3 Qa5 13. b4 Qb6 14. Bxh7 Rh8 15. Bd3 a5 16. a3 axb4 17. axb4 Rxa1+ 18. Bxa1 Rxh3 19. Kf2 Rh2+ 20. Rg2 Rxg2+ 21. Qxg2 c5 22. Qh1 Nd7 23. g4 cxb4 24. g5 Bxc3 25. Bxc3 bxc3 26. Qh8+ Ke7 27. Qxg7 e5 28. f5 e4 29. Be2 Qc7 30. f6+ Kd6 31. Qxf7 Kc6 32. Qe6+ Kc5 33. Qe7+ Qd6 34. Kg2 b5 35. Bxb5 Ne5 36. Be2 1-0

[Event "Hungarian Rapid-ch 2022"]
[Site "Ajka"]
[Date "2022.07.16"]
[Round "7.25"]
[White "Miszler, Levente"]
[Black "Lizak, Peter"]
[Result "1/2-1/2"]
[ECO "A56"]
[WhiteElo "2243"]
[BlackElo "2400"]
[Annotator "ChessBase"]
[PlyCount "108"]
[EventDate "2022.07.15"]
[EventType "swiss"]
[EventCountry "HUN"]
[SourceTitle "playchess.com"]
[Source "ChessBase"]
[SourceQuality "1"]
[TimeControl "900+10"]

1. d4 Nf6 2. c4 c5 3. d5 g6 4. Nc3 Bg7 5. Nf3 O-O 6. e4 d6 7. Bd3 Bg4 8. h3 Bxf3 9. Qxf3 Nfd7 10. Qe2 e6 11. O-O exd5 12. Nxd5 Nc6 13. Bf4 Nb6 14. Rfd1 Nxd5 15. cxd5 Nd4 16. Qd2 Re8 17. Be3 a5 18. Re1 a4 19. Rab1 Qa5 20. Qxa5 Rxa5 21. Bd2 Raa8 22. Bc3 a3 23. Bc4 b5 24. Bxd4 bxc4 25. Bxg7 Kxg7 26. bxa3 Rxa3 27. Rbc1 Ra4 28. f3 Kf6 29. Rc2 Rea8 30. Ree2 Ke5 31. Kf2 Ra3 32. Rxc4 Rxa2 33. f4+ Kxf4 34. e5+ Kf5 35. g4+ Kg5 36. exd6 Rxe2+ 37. Kxe2 Rd8 38. Rxc5 Rxd6 39. Kf3 h5 40. gxh5 Kxh5 41. Ke4 Kh4 42. Ke5 Rd8 43. Rc3 f5 44. d6 g5 45. Ke6 g4 46. hxg4 fxg4 47. Ke7 Rg8 48. d7 g3 49. d8=Q Rxd8 50. Kxd8 g2 51. Rc1 Kg3 52. Ke7 Kf2 53. Kd6 g1=Q 54. Rxg1 Kxg1 1/2-1/2

[Event "Hungarian Rapid-ch 2022"]
[Site "Ajka"]
[Date "2022.07.16"]
[Round "7.26"]
[White "Bodi, Tibor"]
[Black "Nemeth, Zalan"]
[Result "1-0"]
[ECO "A00"]
[WhiteElo "2301"]
[BlackElo "2194"]
[Annotator "ChessBase"]
[PlyCount "41"]
[EventDate "2022.07.15"]
[EventType "swiss"]
[EventCountry "HUN"]
[SourceTitle "playchess.com"]
[Source "ChessBase"]
[SourceQuality "1"]
[TimeControl "900+10"]

1. Nc3 d5 2. e4 d4 3. Nce2 c5 4. Ng3 Nc6 5. Bc4 e5 6. Nf3 Bd6 7. O-O Nf6 8. d3 h6 9. Nh4 g6 10. Bd2 Kf8 11. Qc1 Kg7 12. a3 Rb8 13. Ba2 b5 14. f4 Ng4 15. Nf3 Be6 16. Bxe6 fxe6 17. f5 exf5 18. exf5 Ne7 19. fxg6 Qe8 20. Nh4 Rb6 21. Nh5+ 1-0

[Event "Hungarian Rapid-ch 2022"]
[Site "Ajka"]
[Date "2022.07.16"]
[Round "7.27"]
[White "Martini, Balazs"]
[Black "Kiss, Gergely"]
[Result "1/2-1/2"]
[ECO "D05"]
[WhiteElo "2348"]
[BlackElo "2166"]
[Annotator "ChessBase"]
[PlyCount "41"]
[EventDate "2022.07.15"]
[EventType "swiss"]
[EventCountry "HUN"]
[SourceTitle "playchess.com"]
[Source "ChessBase"]
[SourceQuality "1"]
[TimeControl "900+10"]

1. d4 Nf6 2. Nf3 d5 3. c3 c5 4. e3 e6 5. Bd3 Nc6 6. O-O Bd6 7. Nbd2 O-O 8. dxc5 Bxc5 9. e4 Qc7 10. exd5 exd5 11. Nb3 Bd6 12. Bg5 Ne4 13. Be3 Bg4 14. h3 Bh5 15. Be2 Rad8 16. Nbd4 a6 17. Nxc6 bxc6 18. Nd4 Bg6 19. Bxa6 c5 20. Nb5 Rfe8 21. Nd4 1/2-1/2

[Event "Hungarian Rapid-ch 2022"]
[Site "Ajka"]
[Date "2022.07.16"]
[Round "7.28"]
[White "Udvardi, Zalan"]
[Black "Szalay-Ocsak, Bank"]
[Result "0-1"]
[ECO "B13"]
[WhiteElo "2310"]
[BlackElo "2146"]
[Annotator "ChessBase"]
[PlyCount "143"]
[EventDate "2022.07.15"]
[EventType "swiss"]
[EventCountry "HUN"]
[SourceTitle "playchess.com"]
[Source "ChessBase"]
[SourceQuality "1"]
[TimeControl "900+10"]

1. e4 c6 2. d4 d5 3. exd5 cxd5 4. Bd3 Nc6 5. c3 Qc7 6. Ne2 Bg4 7. O-O e6 8. Qe1 Bxe2 9. Qxe2 Nf6 10. Bg5 Bd6 11. f4 h6 12. Bxf6 gxf6 13. Qf2 f5 14. b4 Ne7 15. Bb5+ Kf8 16. Qe3 Ng6 17. g3 Rc8 18. Rf3 h5 19. Nd2 h4 20. a3 hxg3 21. hxg3 Ke7 22. c4 a6 23. Ba4 dxc4 24. Bc2 Kf6 25. d5 Nxf4 26. gxf4 Rcg8+ 27. Kf2 Rh2+ 28. Ke1 Rgg2 29. Qd4+ Ke7 30. Nf1 Re2+ 31. Kd1 Rxc2 32. Nxh2 Rxh2 33. Rc1 Rh1+ 34. Kc2 Rxc1+ 35. Kxc1 b5 36. dxe6 fxe6 37. Kc2 Qc6 38. Qg7+ Kd8 39. Re3 Bxf4 40. Qf8+ Kc7 41. Qe7+ Qd7 42. Rxe6 Qxe7 43. Rxe7+ Kb6 44. Rf7 Bc7 45. Rxf5 a5 46. Rf6+ Kb7 47. Re6 axb4 48. axb4 Bf4 49. Kc3 Kc7 50. Kd4 Bd6 51. Kc3 Kc6 52. Rg6 Kc7 53. Rg5 Kc6 54. Rf5 Be7 55. Rh5 Bf6+ 56. Kc2 Be7 57. Rh6+ Bd6 58. Kc3 Kd5 59. Rg6 Be5+ 60. Kc2 Bd6 61. Rg5+ Kc6 62. Kc3 Be7 63. Rf5 Bd6 64. Rf7 Be5+ 65. Kc2 Bd6 66. Rf6 Kc7 67. Rf5 Kc6 68. Kc3 Be7 69. Rf1 Bd6 70. Re1 Kd5 71. Rd1+ Kc6 72. Rh1 0-1

[Event "Hungarian Rapid-ch 2022"]
[Site "Ajka"]
[Date "2022.07.16"]
[Round "7.29"]
[White "Szamoskozi, Gabor"]
[Black "Boguszlavszkij, Jevgenyij"]
[Result "1/2-1/2"]
[ECO "C34"]
[WhiteElo "2243"]
[BlackElo "1914"]
[Annotator "ChessBase"]
[PlyCount "95"]
[EventDate "2022.07.15"]
[EventType "swiss"]
[EventCountry "HUN"]
[SourceTitle "playchess.com"]
[Source "ChessBase"]
[SourceQuality "1"]
[TimeControl "900+10"]

1. e4 e5 2. f4 exf4 3. Nf3 d6 4. d4 Nf6 5. Nc3 Be7 6. Bxf4 O-O 7. Be2 b6 8. O-O Bb7 9. d5 Nbd7 10. Nd4 Ne5 11. Nf5 Ng6 12. Bg5 Nxd5 13. Nxe7+ Ndxe7 14. Bc4 h6 15. Be3 Ne5 16. Bb3 Qd7 17. h3 Rad8 18. Qh5 c5 19. Bf4 N7g6 20. Bd5 Bxd5 21. exd5 Nxf4 22. Rxf4 f6 23. a4 Qf7 24. Qxf7+ Rxf7 25. a5 Rb7 26. a6 Re7 27. Nb5 Rdd7 28. b3 Ng6 29. Rf2 Re5 30. Rd1 Ne7 31. c4 Re3 32. Rf3 Rxf3 33. gxf3 Ng6 34. Kf2 Nf4 35. Kg3 g5 36. Re1 Kf7 37. Re3 Nh5+ 38. Kf2 Ng7 39. Re4 h5 40. Re1 f5 41. f4 g4 42. h4 Ne8 43. Re6 Nf6 44. Kg2 Ne4 45. Rh6 Kg7 46. Re6 Kf7 47. Rh6 Kg7 48. Re6 1/2-1/2

[Event "Hungarian Rapid-ch 2022"]
[Site "Ajka"]
[Date "2022.07.16"]
[Round "7.30"]
[White "Seres, Bela"]
[Black "Margl, Roland"]
[Result "0-1"]
[ECO "B12"]
[WhiteElo "2207"]
[BlackElo "2312"]
[Annotator "ChessBase"]
[PlyCount "110"]
[EventDate "2022.07.15"]
[EventType "swiss"]
[EventCountry "HUN"]
[SourceTitle "playchess.com"]
[Source "ChessBase"]
[SourceQuality "1"]
[TimeControl "900+10"]

1. e4 c6 2. d4 d5 3. e5 Bf5 4. Nf3 e6 5. Be2 c5 6. Be3 Qb6 7. Nc3 Nc6 8. O-O Qxb2 9. Qe1 cxd4 10. Bxd4 Nxd4 11. Nxd4 Bb4 12. Rb1 Bxc3 13. Rxb2 Bxe1 14. Rxe1 b6 15. h4 h5 16. Nxf5 exf5 17. c4 d4 18. Rd2 Rd8 19. Red1 Ne7 20. Rxd4 Rxd4 21. Rxd4 Nc6 22. Rd3 Ke7 23. f4 g6 24. Kf2 Rc8 25. Ke3 Na5 26. Rd4 Rc5 27. Kd3 Nc6 28. Rd6 Nd8 29. Rd5 Ne6 30. Rxc5 Nxf4+ 31. Ke3 Nxg2+ 32. Kf2 bxc5 33. Kxg2 Ke6 34. Bf3 Kxe5 35. Bd5 f6 36. Bf7 g5 37. Bxh5 Kd4 38. Bg6 gxh4 39. Bxf5 Kxc4 40. Kf3 Kc3 41. Ke3 c4 42. Be6 a5 43. a4 Kb4 44. Kd2 Kxa4 45. Kc3 Kb5 46. Bxc4+ Kc5 47. Bf1 Kd5 48. Kd3 a4 49. Kc3 Ke4 50. Kb4 Kf3 51. Kxa4 Kf2 52. Bb5 f5 53. Bc6 f4 54. Bh1 Kg1 55. Bd5 h3 0-1

[Event "Hungarian Rapid-ch 2022"]
[Site "Ajka"]
[Date "2022.07.16"]
[Round "8.1"]
[White "Berkes, Ferenc"]
[Black "Gledura, Benjamin"]
[Result "1/2-1/2"]
[ECO "D10"]
[WhiteElo "2649"]
[BlackElo "2637"]
[Annotator "ChessBase"]
[PlyCount "23"]
[EventDate "2022.07.15"]
[EventType "swiss"]
[EventCountry "HUN"]
[SourceTitle "playchess.com"]
[Source "ChessBase"]
[SourceQuality "1"]
[TimeControl "900+10"]

1. d4 d5 2. c4 c6 3. cxd5 cxd5 4. Nc3 Nf6 5. Bf4 Nc6 6. e3 Bf5 7. Nf3 e6 8. Bd3 Bxd3 9. Qxd3 Bd6 10. Bxd6 Qxd6 11. O-O O-O 12. Rac1 1/2-1/2

[Event "Hungarian Rapid-ch 2022"]
[Site "Ajka"]
[Date "2022.07.16"]
[Round "8.2"]
[White "Hera, Imre Jr."]
[Black "Balog, Imre"]
[Result "1/2-1/2"]
[ECO "A05"]
[WhiteElo "2568"]
[BlackElo "2594"]
[Annotator "ChessBase"]
[PlyCount "89"]
[EventDate "2022.07.15"]
[EventType "swiss"]
[EventCountry "HUN"]
[SourceTitle "playchess.com"]
[Source "ChessBase"]
[SourceQuality "1"]
[TimeControl "900+10"]

1. Nf3 Nf6 2. g3 g6 3. b3 Bg7 4. Bb2 O-O 5. Bg2 d5 6. c4 c6 7. O-O a5 8. Na3 Na6 9. d3 a4 10. Nc2 axb3 11. axb3 Bg4 12. Ne5 Be6 13. Nd4 Qd6 14. f4 Nc7 15. Qc2 Nd7 16. Nef3 Bg4 17. h3 Bxf3 18. Nxf3 Qb4 19. Bxg7 Kxg7 20. d4 Nf6 21. Ne5 Rxa1 22. Rxa1 Ra8 23. Rxa8 Nxa8 24. Nd3 Qa5 25. Qb2 Nc7 26. Kf2 Ne6 27. e3 Nf8 28. g4 h6 29. Bf3 N8d7 30. h4 Ne4+ 31. Bxe4 dxe4 32. Nc5 Nxc5 33. dxc5+ Kg8 34. b4 Qd8 35. g5 hxg5 36. hxg5 Qd1 37. Qd4 Qc2+ 38. Kg3 Qb1 39. b5 cxb5 40. cxb5 Qxb5 41. Qd8+ Kg7 42. Qxe7 Qb1 43. Qe5+ Kg8 44. Qe8+ Kg7 45. Qe5+ 1/2-1/2

[Event "Hungarian Rapid-ch 2022"]
[Site "Ajka"]
[Date "2022.07.16"]
[Round "8.3"]
[White "Prohaszka, Peter"]
[Black "Czebe, Attila"]
[Result "0-1"]
[ECO "A40"]
[WhiteElo "2570"]
[BlackElo "2385"]
[Annotator "ChessBase"]
[PlyCount "92"]
[EventDate "2022.07.15"]
[EventType "swiss"]
[EventCountry "HUN"]
[SourceTitle "playchess.com"]
[Source "ChessBase"]
[SourceQuality "1"]
[TimeControl "900+10"]

1. d4 e6 2. c4 b6 3. a3 g6 4. Nc3 Bg7 5. Nf3 Ne7 6. g3 O-O 7. Bg2 d5 8. Bg5 c6 9. O-O Ba6 10. cxd5 cxd5 11. b4 Nd7 12. Re1 Rc8 13. Rc1 Qe8 14. Bf4 Nf6 15. Ne5 Nh5 16. Bd2 Nf5 17. e3 Nd6 18. e4 dxe4 19. Nxe4 Nxe4 20. Bxe4 Rxc1 21. Qxc1 Bb5 22. Bh6 Nf6 23. Bf3 Qc8 24. Bxg7 Kxg7 25. Qa1 Nd5 26. a4 Ba6 27. Bxd5 exd5 28. b5 Bb7 29. Rc1 Qd8 30. Qc3 Qg5 31. Qc7 Qd2 32. Nf3 Qb2 33. Qe5+ Kg8 34. Rc7 Bc8 35. Kg2 Bf5 36. Qxd5 Be6 37. Qd6 Qb3 38. Qf4 Qxa4 39. Ne5 Qxb5 40. Rxa7 Bd5+ 41. Kh3 Qf1+ 42. Kh4 f6 43. Qh6 g5+ 44. Kg4 Be6+ 45. Kf3 fxe5+ 46. Ke4 Qe2# 0-1

[Event "Hungarian Rapid-ch 2022"]
[Site "Ajka"]
[Date "2022.07.16"]
[Round "8.4"]
[White "Csonka, Balazs"]
[Black "Kozak, Adam"]
[Result "1/2-1/2"]
[ECO "B28"]
[WhiteElo "2495"]
[BlackElo "2522"]
[Annotator "ChessBase"]
[PlyCount "98"]
[EventDate "2022.07.15"]
[EventType "swiss"]
[EventCountry "HUN"]
[SourceTitle "playchess.com"]
[Source "ChessBase"]
[SourceQuality "1"]
[TimeControl "900+10"]

1. e4 c5 2. Nf3 a6 3. c3 d5 4. exd5 Qxd5 5. d4 Nf6 6. Be3 cxd4 7. cxd4 e6 8. Nc3 Qd8 9. Bd3 Be7 10. O-O Nc6 11. Rc1 Nb4 12. Bb1 O-O 13. Ne5 Bd7 14. Qf3 Bc6 15. Qh3 g6 16. Rfe1 Re8 17. Bg5 Nbd5 18. Rcd1 Nh5 19. Bxe7 Qxe7 20. Ne4 Ndf4 21. Qe3 Bxe4 22. Bxe4 Rad8 23. Qf3 Nd5 24. Ng4 Qg5 25. Bxd5 Qxd5 26. Qxd5 Rxd5 27. Ne3 Rb5 28. b3 Rd8 29. f3 Rb6 30. Rd2 Nf6 31. Red1 Rc6 32. Kf2 Nd5 33. Nxd5 Rxd5 34. Ke3 Kf8 35. Kd3 Ke7 36. Ke3 Kd6 37. Rd3 Kc7 38. Kd2 Kb6 39. Re1 Rcd6 40. Kc3 Rc6+ 41. Kd2 Kb5 42. a3 Kb6 43. Re5 Rcd6 44. Rxd5 Rxd5 45. Ke3 Ra5 46. a4 Rd5 47. Rc3 Rd7 48. Rc5 Ka7 49. Ke4 b6 1/2-1/2

[Event "Hungarian Rapid-ch 2022"]
[Site "Ajka"]
[Date "2022.07.16"]
[Round "8.5"]
[White "Aczel, Gergely"]
[Black "Vertetics, Attila"]
[Result "1-0"]
[ECO "E42"]
[WhiteElo "2499"]
[BlackElo "2465"]
[Annotator "ChessBase"]
[PlyCount "71"]
[EventDate "2022.07.15"]
[EventType "swiss"]
[EventCountry "HUN"]
[SourceTitle "playchess.com"]
[Source "ChessBase"]
[SourceQuality "1"]
[TimeControl "900+10"]

1. d4 Nf6 2. c4 e6 3. Nc3 Bb4 4. e3 c5 5. Nge2 d5 6. a3 Bxc3+ 7. Nxc3 cxd4 8. exd4 dxc4 9. Bxc4 Nc6 10. Be3 O-O 11. O-O b6 12. Qf3 Bb7 13. Bd3 Qd7 14. Qh3 Ne7 15. Rad1 Ng6 16. Qg3 Nd5 17. h4 f5 18. Bc1 Rac8 19. h5 Nge7 20. h6 Rf7 21. Ne2 Ng6 22. hxg7 f4 23. Qh3 f3 24. Bxg6 Rxg7 25. Qxf3 Rxg6 26. Qh3 Rf8 27. f3 Qb5 28. Ng3 Qb3 29. Rde1 Bc8 30. Re5 Qd3 31. Qh4 Nf4 32. Re4 Nd5 33. Rg4 Ba6 34. Re1 Rff6 35. Ne4 Qxd4+ 36. Be3 1-0

[Event "Hungarian Rapid-ch 2022"]
[Site "Ajka"]
[Date "2022.07.16"]
[Round "8.6"]
[White "Antal, Gergely"]
[Black "Jakab, Attila"]
[Result "0-1"]
[ECO "B27"]
[WhiteElo "2571"]
[BlackElo "2311"]
[Annotator "ChessBase"]
[PlyCount "90"]
[EventDate "2022.07.15"]
[EventType "swiss"]
[EventCountry "HUN"]
[SourceTitle "playchess.com"]
[Source "ChessBase"]
[SourceQuality "1"]
[TimeControl "900+10"]

1. e4 c5 2. Nf3 g6 3. d4 Bg7 4. dxc5 Qa5+ 5. c3 Qxc5 6. Be3 Qa5 7. Nbd2 Nc6 8. h3 Nf6 9. Nc4 Qc7 10. e5 Ne4 11. Bd3 d5 12. exd6 Nxd6 13. Bf4 O-O 14. Nxd6 exd6 15. O-O Ne5 16. Be4 Bd7 17. Re1 Bc6 18. Bxc6 bxc6 19. Bxe5 dxe5 20. Qe2 Rae8 21. Nd2 f5 22. Qc4+ Kh8 23. Nb3 e4 24. Nc5 e3 25. Rxe3 Rxe3 26. fxe3 Re8 27. Rd1 Qe5 28. Rd3 Bh6 29. Nd7 Bxe3+ 30. Kh1 Qg3 31. Rd1 Bf4 32. Qd4+ Kg8 33. Qg1 Kg7 34. Nc5 Re3 35. b4 g5 36. Nb3 g4 37. Nd4 Kf6 38. Nc2 Rxc3 39. Rd8 Rxc2 40. Qd4+ Be5 41. Rf8+ Kg7 42. Qd7+ Kxf8 43. Qxf5+ Ke7 44. Qxh7+ Kd6 45. Qg6+ Kc7 0-1

[Event "Hungarian Rapid-ch 2022"]
[Site "Ajka"]
[Date "2022.07.16"]
[Round "8.7"]
[White "Varga, Zoltan"]
[Black "Horvath, Adam"]
[Result "1/2-1/2"]
[ECO "B44"]
[WhiteElo "2401"]
[BlackElo "2520"]
[Annotator "ChessBase"]
[PlyCount "97"]
[EventDate "2022.07.15"]
[EventType "swiss"]
[EventCountry "HUN"]
[SourceTitle "playchess.com"]
[Source "ChessBase"]
[SourceQuality "1"]
[TimeControl "900+10"]

1. e4 c5 2. Nf3 e6 3. d4 cxd4 4. Nxd4 Nc6 5. Nb5 d6 6. Bf4 e5 7. Be3 Nf6 8. Bg5 a6 9. N5c3 Be7 10. Bxf6 Bxf6 11. Bc4 O-O 12. O-O Bg5 13. Nd5 Kh8 14. Nbc3 Be6 15. Ne2 Rc8 16. c3 Na5 17. Bb3 f5 18. exf5 Bxf5 19. Bc2 Bg4 20. b3 Nc6 21. Be4 Ne7 22. f3 Be6 23. Kh1 Rc5 24. Nb4 d5 25. Bc2 Rc8 26. Nd3 Ng6 27. Nf2 Nf4 28. Nd3 Ng6 29. Qe1 Bf5 30. Rd1 Qc7 31. Bb1 a5 32. Nb2 Bxb1 33. Rxb1 Be3 34. c4 d4 35. Nd3 b5 36. cxb5 Qc2 37. Qd1 Qxa2 38. b4 axb4 39. Nxb4 Qc4 40. b6 Rb8 41. Nd3 Qc6 42. Qb3 Rb7 43. Qb5 Qxb5 44. Rxb5 e4 45. Nc5 exf3 46. Rxf3 Ra8 47. Rf1 d3 48. Nxd3 Rxb6 49. Rxb6 1/2-1/2

[Event "Hungarian Rapid-ch 2022"]
[Site "Ajka"]
[Date "2022.07.16"]
[Round "8.8"]
[White "Krstulovic, Alex"]
[Black "Horvath, Csaba"]
[Result "1-0"]
[ECO "A47"]
[WhiteElo "2413"]
[BlackElo "2506"]
[Annotator "ChessBase"]
[PlyCount "63"]
[EventDate "2022.07.15"]
[EventType "swiss"]
[EventCountry "HUN"]
[SourceTitle "playchess.com"]
[Source "ChessBase"]
[SourceQuality "1"]
[TimeControl "900+10"]

1. d4 Nf6 2. Nf3 b6 3. Bf4 Bb7 4. c4 g6 5. Nc3 Bg7 6. Qc2 d6 7. e4 Nbd7 8. Be2 O-O 9. Rd1 c6 10. e5 Ne8 11. O-O dxe5 12. dxe5 Nc7 13. Ng5 Qe8 14. Qe4 Nc5 15. Qe3 N5e6 16. Nxe6 Nxe6 17. Bg3 c5 18. Bf3 Bxf3 19. Qxf3 Nd4 20. Qb7 e6 21. Rfe1 Qc8 22. Qe4 Rd8 23. Bh4 Rd7 24. Nb5 Nc6 25. Nd6 Qc7 26. f4 Bf8 27. Bf6 a6 28. Rd3 Rb8 29. f5 exf5 30. Qh4 Nd4 31. Rh3 h6 32. Qxh6 1-0